Map: Daybreak LE (Void)

Players

NewKID - Winner!

  • Race: Terran Terran
  • League: Gold
  • Spawn Location: 7:00

StarDust

  • Race: Zerg Zerg
  • Spawn Location: 1:00

VOD

Have the link to the VOD?

Description

Time

  • Played on: Jan. 8, 2017, 6:33 p.m.
  • Length: 6:57
Show
View Real Time Build Order
Export as new Build Order

NewKID Terran - Winner!

Build Orders: MMM Bio 

Get SALT Encoding   

  12  0:01  SCV  
  13  0:13  SCV  
  14  0:25  SCV  
  15  0:29  Supply Depot  
  15  0:35  Refinery  
  15  0:51  Barracks  
  15  0:53  SCV  
  16  1:05  SCV  
  17  1:17  SCV  
  18  1:29  Refinery, SCV  
  19  1:39  Engineering Bay  
  19  1:40  Engineering Bay  
  19  1:41  Supply Depot, SCV  
  20  1:51  Barracks  
  20  1:55  Barracks Reactor  
  20  2:03  SCV  
  21  2:15  SCV  
  22  2:39  Barracks Tech Lab  
  22  2:42  Terran Infantry Weapons Level 1  
  22  2:45  Barracks  
  22  2:46  Marine x2  
  24  2:59  Marauder  
  24  3:04  Marine x2  
  28  3:17  Supply Depot  
  28  3:24  Marine x2, Supply Depot  
  30  3:34  Barracks Tech Lab  
  30  3:38  Stimpack  
  30  3:40  Supply Depot  
  30  3:44  Marauder  
  30  3:47  Supply Depot  
  32  3:51  Marine x2  
  34  4:03  Combat Shields  
  34  4:09  Marine x2  
  36  4:10  Marauder  
  38  4:41  Terran Infantry Armor Level 1  
  38  4:55  Command Center  
  38  5:30  Concussive Shells  
  38  6:20  Marauder  
  38  6:23  Marine x2  
Show
View Real Time Build Order
Export as new Build Order

StarDust Zerg 

Build Orders: Pool First 

Get SALT Encoding   

  12  0:05  Drone  
  13  0:16  Drone  
  13  0:17  Overlord  
  14  0:36  Spawning Pool  
  14  0:42  Drone  
  14  0:43  Drone  
  14  0:46  Drone  
  16  1:00  Extractor  
  15  1:23  Zergling x6  
  18  1:27  Queen  
  20  1:48  Hatchery  
  20  1:49  Zergling x4  
  21  2:03  Extractor  
  20  2:29  Zergling x2  
  21  2:30  Zergling x2  
  21  2:31  Overlord  
  21  2:33  Metabolic Boost  
  22  2:42  Lair  
  22  3:07  Drone x5  
  27  3:23  Drone  
  28  3:31  Queen  
  30  3:47  Pneumatized Carapace  
  30  3:49  Drone  
  30  3:51  Drone  
  32  4:11  Roach Warren  
  31  4:18  Infestation Pit  
  29  4:36  Drone x4  
  29  4:37  Drone x2  
  35  4:42  Overlord  
  35  4:55  Baneling Nest  
  35  4:59  Evolution Chamber  
  33  5:08  Drone x2  
  33  5:09  Drone  
  36  5:20  Overseer  
  36  5:23  Overseer  
  36  5:34  Roach x3  
  42  5:41  Spore Crawler  
  30  6:05  Zergling x2  
  30  6:06  Zergling x10  
  36  6:12  Spine Crawler  
  36  6:13  Ravager  
  25  6:35  Zergling x4  
Tags
 
Composition
MMM Bio
League
Gold
Matchup
TvZ
Opening
Pool First
Spawn Locations
Cross Positions
Add a new tag
Caveats
  • Supply blocks, unpowered buildings, or Contaminate may cause inaccurate times.
  • Supply counts are checked every 10 seconds.